 Dungeon Crawl Stone Soup version 0.26.0-45-g9c1d065592 (webtiles) character file.

Game seed: 13802976252606357303

110584 teolandon225 the Unseen (level 16, -1/79 HPs)
             Began as a Spriggan Enchanter on Jan 29, 2021.
             Was the Champion of Dithmenos.
             Shot with a bolt by a naga sharpshooter (28 damage)
             ... led by Vashnia
             ... on level 2 of the Snake Pit.
             The game lasted 01:22:16 (43398 turns).

teolandon225 the Unseen (Spriggan Enchanter)       Turns: 43398, Time: 01:22:16

Health: -1/79      AC: 10    Str:  8    XL:     16   Next: 7%
Magic:  4/9        EV: 32    Int: 25    God:    Dithmenos [******]
Gold:   1721       SH:  8    Dex: 19    Spells: 16/28 levels left

rFire    + . .     SeeInvis +   a - +6 dagger (antimagic)
rCold    + + .     Faith    .   C - +0 buckler of Free Expression {*Corrode Will+ Str+4} (curse)
rNeg     . . .     Spirit   .   R - +2 robe {rC+}
rPois    +         Reflect  .   (helmet restricted)
rElec    +         Harm     .   q - +1 cloak of the Blessed Realm {rElec rF+}
rCorr    .         Rampage  .   (gloves unavailable)
Will     +++..                  (boots unavailable) Stlth ***+++++++
                                S - amulet "Dedut" {RegenMP Int+4}
HPRegen  0.23/turn              T - +4 ring of protection
MPRegen  0.36/turn              d - ring "Jykhotimem" {rPois rC+}

@: wreathed by umbra, very quick
A: very small, unfitting armour, see invisible, speed 3
a: Renounce Religion, Shadow Step, Shadow Form


You were on level 2 of the Snake Pit.
You worshipped Dithmenos.
Dithmenos was exalted by your worship.
You visited 5 branches of the dungeon, and saw 25 of its levels.
You also visited: Bailey and Ice Cave.

You collected 2857 gold pieces.
You spent 1136 gold pieces at shops.

Inventory:

Hand Weapons
 a - a +6 antimagic dagger (weapon)
 h - a +2 dagger of draining
 u - the +8 hunting sling of the Singing Priest {vorpal, *Corrode Will+ Int+5 Dex+2 SInv}
   (You found it on level 11 of the Dungeon)

   Any stone fired from it inflicts extra damage.
   It affects your intelligence (+5).
   It affects your dexterity (+2).
   It affects your willpower, your defense against some magical effects.
   It lets you see invisible.
   It may corrode you when you take damage.
Missiles
 e - 670 stones (quivered)
Armour
 q - the +1 cloak of the Blessed Realm (worn) {rElec rF+}
   (You bought it in a shop on level 7 of the Dungeon)

   It protects you from fire.
   It insulates you from electricity.
 C - the cursed +0 buckler of Free Expression (worn) {*Corrode Will+ Str+4}
   (You found it on level 4 of the Dungeon)

   It affects your strength (+4).
   It affects your willpower, your defense against some magical effects.
   It may corrode you when you take damage.
   It has a curse placed upon it.
 N - a +2 robe of fire resistance
 R - a +2 robe of cold resistance (worn)
Jewellery
 b - a +4 ring of slaying
 d - the ring "Jykhotimem" (right hand) {rPois rC+}
   (You bought it in a shop on level 13 of the Dungeon)

   [ring of protection from cold]

   It protects you from cold.
   It protects you from poison.
 j - a +4 ring of evasion
 n - an uncursed amulet of faith
 B - an uncursed ring of resist corrosion
 I - an uncursed amulet of reflection
 L - a +6 ring of dexterity
 P - the ring "Peuqoenn" {rN+ AC+4 Slay+2, unknown}
   (You found it on level 2 of the Snake Pit)

   [ring of protection]

   It affects your AC (+4).
   It affects your accuracy and damage with ranged weapons and melee attacks
   (+2).
   It protects you from negative energy.
 S - the amulet "Dedut" (around neck) {RegenMP Int+4}
   (You acquired it on level 3 of the Lair of Beasts)

   [amulet of magic regeneration]

   It increases your magic regeneration.
   It affects your intelligence (+4).
 T - a +4 ring of protection (left hand)
 U - an uncursed amulet of the acrobat
 X - an uncursed ring of protection from cold
Wands
 r - a wand of paralysis (13)
 s - a wand of polymorph (18)
 y - a wand of flame (45)
 A - a wand of disintegration (19)
 G - a wand of digging (11)
 J - a wand of random effects (11)
 M - a wand of iceblast (19)
 V - a wand of enslavement (6)
 W - a wand of acid (7)
Scrolls
 g - 15 scrolls of remove curse
 i - 5 scrolls of enchant armour
 k - 4 scrolls of teleportation
 t - 6 scrolls of blinking
 w - 2 scrolls of magic mapping
 x - 3 scrolls of fear
 F - a scroll of amnesia
 K - 3 scrolls of identify
 O - 3 scrolls of fog
 Y - a scroll of summoning
Potions
 c - 7 potions of haste
 f - 2 potions of berserk rage
 l - 5 potions of lignification
 m - 4 potions of brilliance
 o - 3 potions of resistance
 p - 4 potions of flight
 v - 2 potions of invisibility
 z - 3 potions of curing
 D - 4 potions of might
 E - 4 potions of attraction
 H - a potion of ambrosia
 Q - 2 potions of cancellation
 Z - 2 potions of mutation


   Skills:
 - Level 6.7 Fighting
 * Level 9.3 Short Blades
 + Level 15.4 Dodging
 - Level 18.8 Stealth
 - Level 7.2 Shields
 - Level 6.7 Spellcasting
 - Level 16.3 Hexes
 * Level 11.1 Invocations


You had 16 spell levels left.
You knew the following spells:

 Your Spells              Type           Power        Failure   Level
b - Apportation           Tloc           16%          7%          1
e - Tukima's Dance        Hex            74%          1%          3
q - Ensorcelled Hibernat  Hex/Ice        98%          1%          2
r - Dazzling Flash        Conj/Hex       98%          1%          3
w - Confusing Touch       Hex            74%          1%          3

Your spell library contained the following spells:

 Spells                   Type           Power        Failure   Level
 Corona                   Hex            82%          0%          1
 Fulminant Prism          Conj/Hex       24%          2%          4
 Animate Skeleton         Necr           16%          7%          1
 Magic Dart               Conj           32%          7%          1
 Summon Small Mammal      Summ           32%          7%          1
 Searing Ray              Conj           16%          11%         2
 Iskenderun's Mystic Bla  Conj/Tloc      8%           56%         4


Dungeon Overview and Level Annotations

Branches:
Dungeon (15/15)            Temple (1/1) D:5            Lair (5/6) D:9
 Shoals (0/4) Lair:4        Snake (2/4) Lair:4        Slime (0/5) Lair:5
    Orc (2/2) D:11            Elf (0/3) Orc:2        Vaults (0/5) D:13
 Depths (0/5) D:15         Bailey (visited)           IceCv (visited)

Altars:
Ashenzari
Cheibriados
Dithmenos
Elyvilon
Fedhas
Gozag
Hepliaklqana
Kikubaaqudgha
Makhleb
Nemelex Xobeh
Okawaru
Qazlal
Ru
Sif Muna
Trog
Uskayaw
Vehumet
Wu Jian
Xom
Yredelemnul
Zin
The Shining One
Beogh
Jiyva

Shops:
D:6 ?   D:7 [   D:9 [   D:10 (   D:13 *!=   Orc:1 [   Orc:2 [((}*(*

Annotations:
D:7 exclusion: oklob plant
D:11 exclusion: 2 downstairs
Lair:4 exclusion: 2 oklob plants
Snake:2 Vashnia
Orc:1 exclusion: downstairs


Innate Abilities, Weirdness & Mutations

You are very small and have problems with some larger weapons.
You are too small for most types of armour.
You have supernaturally acute eyesight. (SInv)
You cover ground extremely quickly.


Message History

Vashnia is dazzled.
Vashnia falters for a moment.
Vashnia shoots an arrow.
The arrow hits you!!
You emit a cloud of dark smoke.
The arrow freezes you.
* * * LOW HITPOINT WARNING * * *
You see here an arrow.
You feel better.
The naga sharpshooter unwields a +0 scimitar.
The naga sharpshooter wields a +0 arbalest.
The naga sharpshooter mumbles some strange words.
The naga sharpshooter magically shoots a bolt.
The bolt closely misses you. Vashnia spits poison at you.
The splash of poison misses you.
You barely miss Vashnia.
Vashnia is almost dead.
Your shadow closely misses Vashnia.
The naga sharpshooter gestures wildly while chanting.
The naga sharpshooter magically shoots a bolt.
The bolt hits you!!
You die...

##### #...# #...#
#)..# #...#####
#.......######
#.......+....#
######.......####.#
#§@§§..............
#N#####.#########.#
#N# #.#########.#
#§N§N.............#
#§#§############..#
#.#.# #...........#
#.# # #.#########.#
#.. #.# #######.<
### #.# #.....##†


You could see Vashnia (blind, catching breath) and a naga sharpshooter.

Vanquished Creatures
  An orc warlord (Orc:2)
  An ettin (D:15)
  Snorg (Lair:4)
  Josephine (D:12)
  Fannar (Lair:1)
  6 hydras
  Harold (D:8)
  4 anacondas
  A vault guard (D:13)
  3 naga warriors (Snake:1)
  Erica (D:10)
  4 boulder beetles
  3 centaur warriors (D:15)
  6 death yaks
  2 two-headed ogres (D:15)
  A death knight (D:13)
  A tengu warrior (D:14)
  2 shock serpents (Snake:1)
  6 naga sharpshooters
  Nergalle (D:12)
  Sonja (D:12)
  3 unseen horrors
  A necromancer (IceCv)
  3 deep elf magi
  4 orc knights
  4 ugly things
  2 manticores
  6 orc sorcerers
  16 black mambas
  2 salamanders (Snake:2)
  13 elephants
  2 centaur zombies
  A guardian serpent (Snake:1)
  7 naga magi (Snake:1)
  13 cane toads
  2 rime drakes
  8 komodo dragons
  4 kobold demonologists
  4 yaktaurs (D:15)
  6 ice devils (IceCv)
  2 tengu conjurers
  6 trolls
  3 meliai (D:15)
  5 polar bears
  A hornet (D:8)
  A blink frog (Lair:4)
  A wind drake (shapeshifter) (D:13)
  Prince Ribbit (D:6)
  6 dream sheep
  A shadow (D:15)
  A wyvern (Lair:4)
  37 yaks
  Eustachio (D:6)
  Sigmund (D:2)
  A vampire (D:15)
  7 wraiths
  2 basilisks (Lair:2)
  3 fire bats (Orc:2)
  3 wargs (Orc:1)
  22 nagas
  11 water moccasins
  An acid dragon (D:15)
  Duvessa (D:7)
  9 ice beasts
  2 hornet zombies
  34 orc warriors
  2 phantoms
  2 sky beasts
  6 black bears
  12 centaurs
  15 wolves
  3 boggarts (D:14)
  7 ogres
  3 big kobolds (D:12)
  15 bullfrogs
  Dowan (D:7)
  2 scorpions
  6 killer bees (D:8)
  An electric eel (D:14)
  A bullfrog zombie (D:11)
  A quasit (D:5)
  2 draconian simulacra (IceCv)
  3 hounds
  3 jellies
  A bullfrog skeleton (D:11)
  21 orc wizards
  17 orc priests
  4 centaur skeletons
  Crazy Yiuf (D:4)
  7 iguanas
  9 worker ants
  A troll simulacrum (IceCv)
  2 spriggan simulacra (IceCv)
  2 centaur simulacra (IceCv)
  2 hound zombies
  Robin (D:2)
  8 adders
  3 gnolls (D:4)
  3 ogre simulacra (IceCv)
  A shadow imp (D:5)
  2 white imps
  2 oozes (Lair:5)
  4 adder zombies
  A worm (D:2)
  5 leopard geckos
  103 orcs
  2 ball pythons
  3 giant cockroaches
  17 goblins
  7 hobgoblins
  10 jackals
  15 kobolds
  2 quokkas
  10 bats
  6 frilled lizards
  8 rats
677 creatures vanquished.

Vanquished Creatures (collateral kills)
  2 yaks (D:11)
  2 orc warriors (Bailey)
  A centaur (Bailey)
  An orc (Bailey)
6 creatures vanquished.

Vanquished Creatures (others)
  A dancing weapon (D:8)
  A boggart (D:14)
  12 fungi
  25 plants
39 creatures vanquished.

Grand Total: 722 creatures vanquished

Notes
Turn   | Place    | Note
-------+----------+-------------------------------------------
     0 | D:1      | teolandon225 the Spriggan Enchanter began the quest for the
                  | Orb.
     0 | D:1      | Reached XP level 1. HP: 9/9 MP: 5/5
   986 | D:1      | Reached XP level 2. HP: 13/13 MP: 6/6
   993 | D:1      | Learned a level 2 spell: Ensorcelled Hibernation
  1211 | D:1      | Reached skill level 5 in Stealth
  1776 | D:2      | Reached XP level 3. HP: 16/16 MP: 5/8
  1780 | D:2      | Learned a level 3 spell: Confusing Touch
  1831 | D:2      | Noticed Sigmund
  3320 | D:2      | Noticed Robin
  3748 | D:2      | Killed Robin
  3749 | D:2      | Reached skill level 6 in Stealth
  3749 | D:2      | Reached XP level 4. HP: 12/19 MP: 6/9
  4408 | D:3      | Reached skill level 5 in Hexes
  4779 | D:3      | Reached XP level 5. HP: 22/24 MP: 7/10
  4788 | D:3      | Learned a level 3 spell: Tukima's Dance
  5926 | D:4      | Reached skill level 7 in Stealth
  6340 | D:4      | Got a distressingly furry buckler
  6357 | D:4      | Noticed an ogre
  6424 | D:4      | Identified the cursed +0 buckler of Free Expression
                  | {*Corrode Will+ Str+4} (You found it on level 4 of the
                  | Dungeon)
  6916 | D:4      | Reached XP level 6. HP: 28/28 MP: 11/11
  7124 | D:4      | Found a runed translucent door.
  7125 | D:4      | Noticed Crazy Yiuf
  7132 | D:4      | Killed Crazy Yiuf
  7220 | D:4      | Reached skill level 5 in Dodging
  7235 | D:4      | Reached skill level 1 in Shields
  7638 | D:4      | Reached skill level 8 in Stealth
  8062 | D:5      | Entered Level 5 of the Dungeon
  8086 | D:5      | Reached XP level 7. HP: 32/32 MP: 12/12
  8588 | D:5      | Found a hide-covered altar of Uskayaw.
  8741 | D:5      | Found a staircase to the Ecumenical Temple.
  8836 | Temple   | Entered the Ecumenical Temple
  8879 | Temple   | Became a worshipper of Dithmenos the Shadowed
  9475 | D:2      | Killed Sigmund
  9621 | D:6      | Reached skill level 9 in Stealth
  9826 | D:6      | Noticed Eustachio
  9839 | D:6      | Killed Eustachio
  9840 | D:6      | Reached XP level 8. HP: 36/36 MP: 13/13
  9881 | D:6      | Found Emefuytz's Magic Scroll Shoppe.
  9919 | D:6      | Noticed Prince Ribbit
  9959 | D:6      | Killed Prince Ribbit
  9960 | D:6      | Reached skill level 10 in Stealth
 10312 | D:7      | Found Onwilytz's Armour Shoppe.
 10347 | D:7      | Found a blossoming altar of Fedhas.
 10359 | D:7      | Noticed Duvessa
 10360 | D:7      | Noticed Dowan
 10767 | D:7      | Reached * piety under Dithmenos
 11131 | D:7      | Killed Duvessa
 11132 | D:7      | Reached skill level 11 in Stealth
 11132 | D:7      | Reached XP level 9. HP: 39/39 MP: 14/14
 11219 | D:7      | Found a sacrificial altar of Ru.
 11219 | D:7      | Noticed an oklob plant
 11247 | D:7      | Killed Dowan
 11289 | D:7      | Bought the +1 cloak of the Blessed Realm {rElec rF+} for
                  | 396 gold pieces
 11631 | D:8      | Noticed Harold
 13333 | D:8      | Killed Harold
 13334 | D:8      | Reached skill level 12 in Stealth
 13334 | D:8      | Reached skill level 5 in Shields
 13334 | D:8      | Reached skill level 10 in Hexes
 13971 | D:9      | Found Ewnugig's Armour Shop.
 14027 | D:9      | Found a sparkling altar of Nemelex Xobeh.
 14071 | D:9      | Noticed a troll
 14076 | D:9      | Killed a troll
 14315 | D:9      | Reached ** piety under Dithmenos
 14504 | D:9      | Reached XP level 10. HP: 44/44 MP: 8/15
 14574 | D:9      | Found an ancient bone altar of Kikubaaqudgha.
 14574 | D:9      | Found a glowing silver altar of Zin.
 14579 | D:9      | Found a white marble altar of Elyvilon.
 14581 | D:9      | Found a shimmering altar of Xom.
 14582 | D:9      | Found a bloodstained altar of Trog.
 14674 | D:9      | Found a staircase to the Lair.
 14714 | D:9      | Found a hazy altar of Hepliaklqana.
 14842 | D:10     | Entered Level 10 of the Dungeon
 14854 | D:10     | Reached skill level 15 in Stealth
 14854 | D:10     | Reached XP level 11. HP: 47/47 MP: 8/16
 14859 | D:10     | Learned a level 3 spell: Dazzling Flash
 14861 | D:10     | Learned a level 1 spell: Apportation
 15039 | D:10     | Found Qosyikee's Antique Weapon Shoppe.
 15056 | D:10     | Noticed Erica
 15110 | D:10     | Killed Erica
 15647 | D:11     | Found a staircase to the Orcish Mines.
 16331 | D:11     | Reached skill level 16 in Stealth
 16828 | D:11     | Found a staircase to the Orcish Mines.
 17644 | D:12     | Reached *** piety under Dithmenos
 17673 | D:12     | Noticed Sonja
 17702 | D:12     | Noticed Nergalle
 17823 | D:12     | Killed Sonja
 18196 | D:11     | Got a shimmering hunting sling
 18196 | D:11     | Identified the +8 hunting sling of the Singing Priest
                  | {vorpal, *Corrode Will+ Int+5 Dex+2 SInv} (You found it on
                  | level 11 of the Dungeon)
 18220 | D:11     | Reached skill level 10 in Dodging
 18281 | D:12     | Noticed Josephine
 18304 | D:12     | Killed Josephine
 18313 | D:12     | Found a flagged portal.
 18320 | Bailey   | Entered a bailey
 18780 | Bailey   | Reached skill level 17 in Stealth
 19590 | Bailey   | Reached **** piety under Dithmenos
 20920 | D:12     | Reached XP level 12. HP: 51/51 MP: 6/17
 21167 | D:12     | You fall into a shaft and drop 2 floors!
 21187 | D:14     | Noticed a tengu warrior
 21191 | D:14     | Killed a tengu warrior
 21208 | D:14     | Reached XP level 13. HP: 66/66 MP: 9/18
 21376 | D:14     | Reached skill level 18 in Stealth
 21394 | D:13     | Found Vasiymp Cyka's Distillery.
 21406 | D:13     | Found Fyatish's Assorted Antiques.
 21737 | D:12     | Killed Nergalle
 22295 | D:12     | Reached ***** piety under Dithmenos
 22802 | Lair:1   | Entered Level 1 of the Lair of Beasts
 23142 | Lair:1   | Noticed Fannar
 23145 | Lair:1   | Killed Fannar
 24670 | Lair:2   | Reached skill level 1 in Invocations
 24746 | Lair:2   | Found an ancient bone altar of Kikubaaqudgha.
 25595 | Lair:3   | Identified a scroll of acquirement
 25595 | Lair:3   | Acquired the amulet "Dedut" {RegenMP Int+4}
 26376 | Lair:2   | Reached skill level 15 in Hexes
 26545 | Lair:3   | Reached XP level 14. HP: 70/70 MP: 7/21
 26802 | Lair:4   | Found a staircase to the Snake Pit.
 27321 | Lair:4   | Noticed Snorg
 27380 | Lair:4   | Killed Snorg
 27528 | Lair:4   | Found a staircase to the Shoals.
 27551 | Lair:4   | Reached skill level 5 in Spellcasting
 27573 | Lair:4   | Reached skill level 5 in Invocations
 30877 | Lair:5   | Found a runed translucent door.
 30878 | Lair:5   | Found a viscous altar of Jiyva.
 30878 | Lair:5   | Found a staircase to the Slime Pits.
 31276 | Orc:1    | Entered Level 1 of the Orcish Mines
 31695 | Orc:2    | Entered Level 2 of the Orcish Mines
 31695 | Orc:2    | Found Tysos's Gadget Shop.
 31701 | Orc:2    | Acquired 497 gold pieces
 31792 | Orc:2    | Found a roughly hewn altar of Beogh.
 31793 | Orc:2    | Found Inesedwu's Antique Weapon Emporium.
 31848 | Orc:2    | Found a staircase to the Elven Halls.
 31859 | Orc:2    | Found Polaheta's Antique Weapon Shop.
 31866 | Orc:2    | Found a frozen archway.
 31889 | IceCv    | Entered an ice cave
 33205 | Orc:2    | Found Joschet's General Store.
 33449 | Orc:1    | Found Melam's Armour Emporium.
 34705 | Orc:2    | Found a roughly hewn altar of Beogh.
 34837 | Orc:2    | Found a roughly hewn altar of Beogh.
 35458 | Orc:2    | Found a roughly hewn altar of Beogh.
 35458 | Orc:2    | Found Bolostru's Assorted Antiques.
 35512 | Orc:2    | Bought an orange potion for 31 gold pieces
 35512 | Orc:2    | Bought a scroll labelled GYFEWU OTSUR for 35 gold pieces
 36299 | Orc:2    | Noticed an orc warlord
 36707 | Orc:2    | Found a roughly hewn altar of Beogh.
 36941 | Orc:2    | Found Ukim's Antique Weapon Boutique.
 36942 | Orc:2    | Found a roughly hewn altar of Beogh.
 36964 | Orc:2    | Killed an orc warlord
 36965 | Orc:2    | Reached XP level 15. HP: 74/74 MP: 4/26
 36996 | Orc:2    | Found Faen's Antique Armour Shop.
 37067 | Orc:2    | Found a roughly hewn altar of Beogh.
 37224 | D:13     | Bought a potion of heal wounds for 70 gold pieces
 37224 | D:13     | Bought a potion of heal wounds for 70 gold pieces
 37224 | D:13     | Bought 2 potions of heal wounds for 140 gold pieces
 37224 | D:13     | Bought a potion of cancellation for 112 gold pieces
 37224 | D:13     | Bought a potion of curing for 42 gold pieces
 37224 | D:13     | Bought a potion of heal wounds for 70 gold pieces
 37344 | D:13     | Reached ****** piety under Dithmenos
 37374 | D:13     | Found Buliweun's Jewellery Boutique.
 37401 | D:13     | Found a gate to the Vaults.
 37566 | D:13     | Bought a warped copper ring for 170 gold pieces
 37566 | D:13     | Identified the ring "Jykhotimem" {rPois rC+} (You bought it
                  | in a shop on level 13 of the Dungeon)
 39189 | D:14     | Reached skill level 5 in Short Blades
 39298 | D:15     | Entered Level 15 of the Dungeon
 40540 | D:15     | Found a staircase to the Depths.
 40965 | Snake:1  | Entered Level 1 of the Snake Pit
 40970 | Snake:1  | Reached skill level 10 in Invocations
 41593 | Snake:1  | Reached skill level 15 in Dodging
 42782 | Snake:2  | Reached XP level 16. HP: 79/79 MP: 9/27
 43335 | Snake:2  | Got a warped lead ring
 43383 | Snake:2  | Noticed Vashnia
 43398 | Snake:2  | Shot with a bolt by a naga sharpshooter

Illustrated notes

Levels and vault maps discovered:
D:1:      dpeg_arrival_more_subterranean_lakeside_camping, layout_loops_cross,
          minmay_misc_feat_x
D:2:      layout_loops_corners, kennysheep_generic_room_12, uniq_robin,
          uniq_sigmund
D:3:      layout_loops_ring
D:4:      layout_layer_cave, uniq_crazy_yiuf_cottage
D:5:      layout_rooms, minmay_temple_entry_overgrown, basic_altar
D:6:      layout_layer_cave, serial_shops, shop, uniq_prince_ribbit1,
          uniq_eustachio
D:7:      layout_basic, general_overflow_altar, serial_shops,
          nicolae_shop_waterfront, lemuel_oklob_altar, uniq_duvessa
D:8:      layout_basic, uniq_harold
D:9:      layout_loops_ring, chequers_temple_overflow_minitemple,
          nzn_hepliaklqana_mist_gate, lemuel_crystal_altar, serial_shops, shop
D:10:     layout_roguey, serial_shops, shop_fountains, uniq_erica
D:11:     layout_basic, orc_0_dummy, kennysheep_boxes
D:12:     layout_loops_corners, enter_bailey_3, nrook_mini_vaults,
          uniq_nergalle, uniq_josephine, uniq_sonja
D:13:     layout_irregular_city, david_vaults_5, serial_shops, shop, shop, shop
D:14:     layout_basic, minivault_14
D:15:     hangedman_depths_entry_civil_slaughter, layout_rooms
Temple:   minmay_temple_curvy_branch
Lair:1:   layout_loops_ring, grunt_megastairs_2, lemuel_fruit_fields,
          uniq_fannar
Lair:2:   beast_lair_carwin_large_1, layout_cellular_growth, basic_altar
Lair:3:   layout_long_grid
Lair:4:   layout_gridlike, elwin_shoals_entry_rocks,
          guppyfry_snake_entry_island, minmay_lair_oklob_chamber,
          lemuel_fruit_tree, grunt_megastairs_1, uniq_snorg
Lair:5:   layout_roguey, slime_altar_2
Snake:1:  layout_chambers, grunt_ministairs_2, grunt_megastairs_5
Snake:2:  layout_basic, uniq_vashnia
Orc:1:    layout_caves, serial_shops, shop, mines_bat_river
Orc:2:    grunt_orc_community_town_hall, layout_caves,
          grunt_orc_community_big_house_1, grunt_orc_community_big_house_1,
          grunt_orc_community_house_1, grunt_orc_community_house_3,
          grunt_orc_community_house_1, grunt_orc_community_house_1,
          grunt_orc_community_house_2, portal_ice_cave_entry_ice_beasts,
          serial_shops, shop, nicolae_shop_crystal, nicolae_shop_statue_plus,
          nicolae_volcano_entry_batcave

Skill      XL: |  1  2  3  4  5  6  7  8  9 10 11 12 13 14 15 |
---------------+----------------------------------------------+-----
Hexes          | 4 5 6 7 8 10 11 13 15 16 | 16.3
Stealth        | 5 6 7 8 9 11 12 15 17 18 | 18.8
Dodging        | 4 5 6 7 8 10 12 13 15 | 15.4
Shields        | 1 2 3 5 7 |  7.2
Fighting       | 6 |  6.7
Invocations    | 3 8 11 | 11.1
Spellcasting   | 4 6 |  6.7
Short Blades   | 3 9 |  9.3

Action                   |  1- 3 |  4- 6 |  7- 9 | 10-12 | 13-15 | 16-18 || total
-------------------------+-------+-------+-------+-------+-------+-------++-------
Melee: Dagger            |    93 |    73 |   162 |   345 |  1030 |    25 ||  1728
 Fire: Hunting sling     |     5 |       |       |       |     2 |       ||     7
Throw: Stone             |     2 |       |       |       |       |       ||     2
 Cast: Corona            |     7 |       |       |       |       |       ||     7
       Ensorcelled Hiber |    51 |    70 |    63 |    99 |   436 |    15 ||   734
       Confusing Touch   |     1 |     1 |    13 |    10 |    44 |     1 ||    70
       Tukima's Dance    |       |       |     1 |     8 |     1 |       ||    10
       Dazzling Flash    |       |       |       |     3 |    18 |     2 ||    23
  Use: Scroll            |       |    13 |     5 |    13 |    22 |       ||    53
       Potion            |       |       |       |     7 |     4 |     2 ||    13
 Stab: Sleeping          |    31 |    49 |    56 |    78 |   370 |    11 ||   595
       Distracted        |     1 |       |       |     1 |     2 |       ||     4
       Confused          |     1 |     2 |    12 |    11 |    63 |       ||    89
       Invisible         |       |       |       |     1 |     4 |       ||     5
Armor: Robe              |     8 |     5 |    16 |     9 |    50 |       ||    88
Dodge: Dodged            |    71 |    56 |    92 |   358 |   977 |    18 ||  1572
Block: Buckler           |       |     2 |    41 |   154 |   336 |     4 ||   537
